 Dungeon Crawl Stone Soup version 0.30.1-3-gfc49f6343a (webtiles) character file.

Game seed: 13146712995277610357

38917 Peloso the Fencer (level 13, -4/122 HPs)
             Began as a Minotaur Fighter on Aug 5, 2023.
             Was a High Priest of Okawaru.
             Killed from afar by Azrael (19 damage)
             ... with a fireball
             ... on level 12 of the Dungeon.
             The game lasted 00:43:37 (18265 turns).

Peloso the Fencer (Minotaur Fighter)               Turns: 18265, Time: 00:43:38

Health: -4/122     AC: 26    Str: 23    XL:     13   Next: 66%
Magic:  12/12      EV:  8    Int:  5    God:    Okawaru [*****.]
Gold:   1220       SH: 13    Dex: 13    Spells: 12/12 levels left

rFire   . . .        a - +11 Singing Sword {sonic wave}
rCold   + . .        d - +1 kite shield {AC+3}
rNeg    . . .        s - +0 plate armour {rC+}
rPois   +            (helmet restricted)
rElec   .            x - +2 cloak
rCorr   .            J - +0 pair of gloves
SInv    .            S - +1 pair of boots "Pasioshre" {rPois}
Will    .....        (no amulet) Stlth
                     (no ring)
HPRegen 0.40/turn    (no ring)
MPRegen 0.13/turn

%: no passive effects
@: no status effects
A: horns 2, retaliatory headbutt
a: Renounce Religion, Heroism, Finesse, Duel


You were on level 12 of the Dungeon.
You worshipped Okawaru.
Okawaru was extremely pleased with you.
You visited 3 branches of the dungeon, and saw 17 of its levels.
You also visited: Bailey, Gauntlet and Ice Cave.

You collected 1323 gold pieces.
You spent 103 gold pieces at shops.

Inventory:

Hand Weapons
 a - the +11 Singing Sword (weapon) {sonic wave}
   (You found it on level 9 of the Dungeon)
 b - the +4 rapier "Puetoq" {flame, rPois rF- rC+ Int+4}
   (You found it on level 4 of the Dungeon)

   Int:       It affects your intelligence (+4).
   rF:        It makes you vulnerable to fire.
   rC:        It protects you from cold.
   rPois:     It protects you from poison.
 c - a +2 heavy long sword
Armour
 d - a +1 kite shield of protection (worn)
 s - a +0 plate armour of cold resistance (worn)
 x - a +2 cloak (worn)
 C - the +1 scale mail "Ogut Xofu" {Drain rElec rPois Regen+ Str+4}
   (You found it on level 7 of the Dungeon)

   Str:       It affects your strength (+4).
   rElec:     It insulates you from electricity.
   rPois:     It protects you from poison.
   Regen:     It increases your rate of health regeneration.
   Drain:     It drains your maximum health when unequipped.
 J - a +0 pair of gloves (worn)
 S - the +1 pair of boots "Pasioshre" (worn) {rPois}
   (Okawaru gifted it to you on level 12 of the Dungeon)

   rPois:     It protects you from poison.
 W - the +2 pair of boots of Eternity {rC+ Int+2}
   (You found it in a Gauntlet)

   Int:       It affects your intelligence (+2).
   rC:        It protects you from cold.
Jewellery
 E - a ring of fire
 G - an amulet of faith
 O - a +6 ring of intelligence
 R - a ring of poison resistance
 V - a ring of magical power
 X - a ring of willpower
 Z - a ring of protection from fire
Wands
 k - a wand of roots (8)
 u - a wand of paralysis (14)
 z - a wand of polymorph (8)
 H - a wand of flame (7)
 P - a wand of mindburst (6)
 U - a wand of acid (3)
Scrolls
 e - 6 scrolls of fear
 g - 3 scrolls of poison
 p - 2 scrolls of teleportation
 q - 2 scrolls of identify
 r - 4 scrolls of immolation
 t - a scroll of butterflies
 w - 2 scrolls of brand weapon
 y - 5 scrolls of enchant armour
 A - 10 scrolls of enchant weapon
 F - 3 scrolls of fog
 K - a scroll of noise
 M - 3 scrolls of blinking
 N - a scroll of amnesia
Potions
 f - 5 potions of haste
 h - 2 potions of brilliance
 i - 4 potions of might
 j - 4 potions of lignification
 l - 5 potions of invisibility
 m - 6 potions of magic
 n - 8 potions of mutation
 o - 2 potions of heal wounds
 v - 4 potions of flight
 B - a potion of berserk rage
 L - 3 potions of resistance
 T - a potion of curing
 Y - a potion of cancellation
Miscellaneous
 I - a phial of floods
 Q - a lightning rod (4/4)


   Skills:
 + Level 13.2 Fighting
 + Level 3.4(11.0) Short Blades
 + Level 17.3(17.4) Long Blades
 + Level 13.0 Armour
 + Level 3.0 Dodging
 + Level 2.4 Stealth
 + Level 12.8 Shields
 + Level 1.3 Invocations
 + Level 0.8 Evocations


You had 12 spell levels left.
You didn't know any spells.
Your spell library contained the following spells:

 Spells                   Type           Power      Damage    Failure   Level
 Beastly Appendage        Tmut           0%         N/A       100%        1
 Cigotuvi's Dreadful Rot  Necr/Pois/Air  0%         N/A       100%        2
 Ensorcelled Hibernation  Hex/Ice        0%         N/A       100%        2
 Passwall                 Tmut/Erth      0%         N/A       100%        2
 Wereblood                Tmut           0%         N/A       100%        2
 Gell's Gravitas          Tloc           0%         N/A       100%        3
 Ignite Poison            Fire/Tmut/Pois 0%         N/A       100%        3
 Inner Flame              Hex/Fire       0%         N/A       100%        3
 Ozocubu's Armour         Ice            0%         N/A       100%        3
 Spider Form              Tmut/Pois      0%         N/A       100%        3
 Swiftness                Air            0%         N/A       100%        3
 Teleport Other           Tloc           0%         N/A       100%        3
 Anguish                  Hex/Necr       0%         N/A       100%        4
 Blade Hands              Tmut           0%         N/A       100%        5
 Freezing Cloud           Conj/Ice/Air   0%         6-21      100%        5
 Irradiate                Conj/Tmut      0%         3d11      100%        5
 Metabolic Englaciation   Hex/Ice        0%         N/A       100%        5
 Dispersal                Tloc           0%         N/A       100%        6
 Dragon Form              Tmut           0%         N/A       100%        7
 Ozocubu's Refrigeration  Ice            0%         4d7       100%        7
 Tukima's Dance           Hex            Unusable   N/A       N/A         3

Dungeon Overview and Level Annotations

Branches:
Dungeon (13/15)            Temple (1/1) D:7            Lair (3/5) D:10
  Swamp (0/4) Lair:2        Snake (0/4) Lair:3          Orc (0/2) D:9
 Bailey (visited)           IceCv (visited)         Gauntlet (visited)
 Vaults: D:13-14

Altars:
Ashenzari
Cheibriados
Dithmenos
Elyvilon
Fedhas
Gozag
Hepliaklqana
Kikubaaqudgha
Makhleb
Nemelex Xobeh
Okawaru
Qazlal
Sif Muna
Trog
Uskayaw
Vehumet
Wu Jian
Xom
Yredelemnul
Zin
The Shining One

Shops:
D:3 !!(   D:4 *

Annotations:
D:12 Azrael


Innate Abilities, Weirdness & Mutations

You have a pair of horns on your head.
You reflexively headbutt those who attack you in melee.


Message History

Azrael is heavily wounded.
Azrael hits you with a +0 scimitar of flaming.
Azrael burns you.
The hell hound bites you but does no damage.
Unknown command.
You slash Azrael!
Azrael is severely wounded.
A fire elemental comes into view.
The hell hound breathes flames at you. The blast of flame hits you!
A fire elemental comes into view.
Azrael hits you but does no damage.
You hit Azrael. Your headbutt misses Azrael.
Azrael is severely wounded.
The hell hound bites you but does no damage.
Azrael hits you with a +0 scimitar of flaming!
* * * LOW HITPOINT WARNING * * *
Azrael burns you.
* * * LOW HITPOINT WARNING * * *
You slash Azrael!
Azrael is severely wounded.
The hell hound breathes flames at you. The blast of flame hits you.
* * * LOW HITPOINT WARNING * * *
A fire elemental comes into view.
The hell hound barely misses you.
You barely miss Azrael.
Azrael is severely wounded.
Azrael hits you with a +0 scimitar of flaming!
* * * LOW HITPOINT WARNING * * *
Azrael burns you.
* * * LOW HITPOINT WARNING * * *
The hell hound bites you but does no damage.
You slash Azrael! You headbutt Azrael.
Azrael is almost dead.
The hell hound breathes flames at you.
The blast of flame hits you but does no damage.
Azrael gestures at you.
The fireball explodes!
The fireball engulfs you!!
You die...

#...............##...#.........##
....##..........##...#...........
..#.##..........(........###....#
.##.##.!................##.....##
..)..<........○○.#..∩#####.#.#.#
.......###.#####☼##### #...#.##
........##.# #E# #######.......
..........○##**#.# #.............
........#.○○.○##@###.............
######.....°○.○Rhh...............
* #.........EE................ *
##.......######............. *
#?......# ##............... *
##.....## #................
*.......# ####.............
*,......# #.............
*,,,,,,,* #..........###


You could see Azrael, 3 fire elementals and 2 hell hounds.

Vanquished Creatures
  A quicksilver ooze (Gauntlet)
  A reaper (IceCv)
  A minotaur (Gauntlet)
  3 hydras
  Erolcha (D:10)
  A boulder beetle (D:12)
  3 centaur warriors (D:13)
  A two-headed ogre (D:13)
  2 tengu warriors (D:12)
  A skyshark (Lair:2)
  Amaemon (Lair:2)
  An orange crystal statue (Gauntlet)
  An orc knight (Bailey)
  2 deep elf pyromancers
  An ugly thing (D:12)
  3 cyclopes
  A manticore (D:11)
  An elephant (Lair:3)
  A black mamba (Lair:1)
  An ice statue (IceCv)
  6 cane toads
  A gargoyle (D:11)
  2 rime drakes
  A kobold demonologist (D:13)
  An orange demon (Lair:2)
  3 unseen horrors
  An ice devil (IceCv)
  5 komodo dragons
  A freezing wraith (IceCv)
  2 trolls
  4 blink frogs
  11 slime creatures
  A dire elephant simulacrum (IceCv)
  2 spriggans (Lair:3)
  A shadow (D:13)
  2 vampires
  22 yaks
  A wraith (D:11)
  A death yak simulacrum (IceCv)
  5 wyverns
  4 steam dragons
  2 vampire mosquitoes (D:10)
  Menkaure (D:7)
  2 nagas (Lair:3)
  4 wargs (D:9)
  The ghost of LavenderCorpse the Insei, an amateur OpTm (D:4)
  3 harpy simulacra (IceCv)
  2 acid dragons
  Edmund (D:4)
  3 swamp worms (Lair:2)
  10 water moccasins
  3 black bears
  6 ice beasts
  5 orc warriors (Bailey)
  An ogre (D:7)
  3 wolves (D:10)
  12 centaurs
  5 phantoms
  10 bullfrogs
  5 kobold brigands
  6 scorpions
  4 two-headed ogre simulacra (IceCv)
  A cane toad simulacrum (IceCv)
  6 wights
  3 elephant simulacra (IceCv)
  11 killer bees
  7 howler monkeys
  A crimson imp (D:9)
  2 gnoll boudas
  An orc priest (D:3)
  3 hounds (D:6)
  3 jellies
  Jessica (D:2)
  2 sleepcaps
  Terence (D:2)
  An iguana (D:6)
  3 orc wizards
  A polar bear simulacrum (IceCv)
  6 spriggan simulacra (IceCv)
  3 troll simulacra (IceCv)
  2 wolf simulacra (IceCv)
  13 gnolls
  14 adders
  8 naga simulacra (IceCv)
  A river rat (D:11)
  A shadow imp (D:5)
  20 white imps
  8 ufetubi
  A worm (D:4)
  2 dart slugs
  27 orcs
  6 ball pythons
  11 bats
  3 endoplasms
  5 giant cockroaches
  17 goblins
  4 hobgoblins
  2 jackals (D:3)
  28 kobolds
  6 quokkas
  4 frilled lizards
  7 rats
440 creatures vanquished.

Vanquished Creatures (others)
  A komodo dragon (D:12)
  A killer bee (D:11)
2 creatures vanquished.

Grand Total: 442 creatures vanquished

Notes
Turn   | Place    | Note
-------+----------+-------------------------------------------
     0 | D:1      | Peloso the Minotaur Fighter began the quest for the Orb.
     0 | D:1      | Reached XP level 1. HP: 19/19 MP: 0/0
   155 | D:1      | Reached XP level 2. HP: 27/27 MP: 1/1
   789 | D:2      | Noticed Jessica
   793 | D:2      | Killed Jessica
   794 | D:2      | Reached XP level 3. HP: 22/34 MP: 2/2
  1004 | D:2      | Reached skill level 3 in Long Blades
  1045 | D:2      | Reached XP level 4. HP: 41/41 MP: 3/3
  1443 | D:2      | Found a faded altar of an unknown god.
  1444 | D:2      | Found a basalt altar of Yredelemnul.
  1444 | D:2      | Noticed Terence
  1471 | D:2      | Killed Terence
  2188 | D:3      | Found Qihimp's Distillery.
  2189 | D:3      | Noticed a scorpion
  2202 | D:3      | Killed a scorpion
  2203 | D:3      | Reached skill level 4 in Long Blades
  2203 | D:3      | Reached skill level 5 in Shields
  2203 | D:3      | Reached XP level 5. HP: 38/47 MP: 4/4
  2208 | D:3      | Bought a potion of degeneration for 14 gold pieces
  2345 | D:3      | Reached skill level 1 in Dodging
  2430 | D:3      | Found Codax's Antique Weapon Emporium.
  2669 | D:3      | Found Zyemak's Distillery.
  2680 | D:3      | Reached XP level 6. HP: 55/55 MP: 5/5
  2687 | D:3      | Bought a potion of heal wounds for 65 gold pieces
  2995 | D:4      | Found Waugea's Assorted Antiques.
  3017 | D:4      | Noticed Edmund
  3036 | D:4      | Killed Edmund
  3037 | D:4      | Reached skill level 5 in Fighting
  3037 | D:4      | Reached skill level 5 in Long Blades
  3037 | D:4      | Reached skill level 5 in Armour
  3047 | D:4      | Bought a scroll labelled VYMEARGH HARARI for 24 gold pieces
  3462 | D:4      | Reached skill level 6 in Long Blades
  3462 | D:4      | Reached XP level 7. HP: 58/61 MP: 6/6
  3549 | D:4      | Found a runed translucent door.
  3552 | D:4      | Noticed LavenderCorpse's ghost (amateur OpTm)
  3911 | D:5      | Entered Level 5 of the Dungeon
  3986 | D:5      | Reached skill level 7 in Long Blades
  4103 | D:5      | Noticed a water elemental
  4104 | D:5      | Found a stormy altar of Qazlal.
  4108 | D:5      | Noticed an air elemental
  4108 | D:5      | Noticed a fire elemental
  4142 | D:5      | Found an ancient bone altar of Kikubaaqudgha.
  4885 | D:6      | Reached skill level 8 in Long Blades
  4885 | D:6      | Reached XP level 8. HP: 48/70 MP: 7/7
  5542 | D:6      | Reached skill level 9 in Long Blades
  5902 | D:7      | Found a staircase to the Ecumenical Temple.
  5912 | Temple   | Entered the Ecumenical Temple
  5926 | Temple   | Became a worshipper of Warmaster Okawaru
  6109 | D:7      | HP: 1/73 [steam dragon/ball of steam (21)]
  6113 | D:7      | Reached XP level 9. HP: 13/79 MP: 8/8
  6374 | D:7      | Noticed Menkaure
  6380 | D:7      | Killed Menkaure
  6386 | D:7      | Reached * piety under Okawaru
  6387 | D:7      | Reached skill level 10 in Long Blades
  6649 | D:7      | Identified the +1 scale mail "Ogut Xofu" {Drain rElec rPois
                  | Regen+ Str+4}
  7126 | D:8      | Reached skill level 11 in Long Blades
  7284 | D:8      | Reached ** piety under Okawaru
  7504 | D:8      | HP: 3/81 [yak (12)]
  7513 | D:8      | Reached XP level 10. HP: 28/88 MP: 6/9
  8316 | D:9      | Reached *** piety under Okawaru
  8378 | D:9      | Noticed a cyclops
  8391 | D:9      | Killed a cyclops
  8609 | D:9      | Reached skill level 12 in Long Blades
  8980 | D:9      | Found a glowing golden altar of the Shining One.
  8980 | D:9      | Found a snail-covered altar of Cheibriados.
  8982 | D:9      | Found a glowing silver altar of Zin.
  8985 | D:9      | Found a sparkling altar of Nemelex Xobeh.
  9185 | D:9      | Found the +11 Singing Sword {sonic wave}
  9358 | D:9      | Found a staircase to the Orcish Mines.
  9724 | D:4      | Killed LavenderCorpse's ghost
  9728 | D:4      | Identified the +4 rapier "Puetoq" {flame, rPois rF- rC+
                  | Int+4}
  9844 | D:10     | Entered Level 10 of the Dungeon
  9853 | D:10     | Found a flagged portal.
  9863 | D:10     | Reached skill level 10 in Armour
  9866 | D:10     | Reached **** piety under Okawaru
  9867 | D:10     | Reached skill level 13 in Long Blades
  9935 | D:10     | Reached XP level 11. HP: 40/95 MP: 10/10
 10049 | Bailey   | Entered a bailey
 10330 | Bailey   | Noticed an orc knight
 10341 | Bailey   | Killed an orc knight
 10542 | D:10     | Found a staircase to the Lair.
 10564 | D:10     | Noticed Erolcha
 10566 | D:10     | Paralysed by Erolcha for 3 turns
 10961 | D:10     | Reached skill level 14 in Long Blades
 11203 | D:10     | Killed Erolcha
 11204 | D:10     | Reached skill level 1 in Stealth
 11444 | D:11     | Reached ***** piety under Okawaru
 11805 | D:11     | Reached skill level 10 in Shields
 12162 | D:11     | Identified the +5 dagger of Uxanil {freeze, rN+}
 12263 | D:11     | Reached skill level 10 in Fighting
 12310 | Lair:1   | Entered Level 1 of the Lair of Beasts
 12317 | Lair:1   | Reached skill level 15 in Long Blades
 12330 | Lair:1   | Received a gift from Okawaru
 12343 | Lair:1   | Reached XP level 12. HP: 9/107 MP: 11/11
 13069 | Lair:2   | Found a staircase to the Swamp.
 13074 | Lair:2   | Noticed a six-headed hydra
 13077 | Lair:2   | Noticed Amaemon
 13077 | Lair:2   | You fall into a shaft and drop 1 floor!
 13217 | Lair:3   | Reached skill level 16 in Long Blades
 13222 | Lair:3   | Noticed a seven-headed hydra
 13229 | Lair:3   | Found a shadowy altar of Dithmenos.
 13240 | Lair:3   | Killed a seven-headed hydra
 13257 | Lair:3   | Found a frozen archway.
 13396 | IceCv    | Entered an ice cave
 14339 | IceCv    | Noticed a reaper
 14359 | IceCv    | Killed a reaper
 14711 | IceCv    | Identified the +0 dagger of Poverty {heavy, +Blink Will+
                  | SInv}
 14967 | Lair:3   | Identified the +2 war axe "Joyghe" {elec, Str+3 Dex+3}
 14969 | Lair:3   | Noticed a six-headed hydra
 14980 | Lair:3   | Killed a six-headed hydra
 14981 | Lair:3   | Reached skill level 1 in Short Blades
 15322 | Lair:3   | Found a staircase to the Snake Pit.
 15490 | Lair:3   | Received a gift from Okawaru
 15982 | Lair:2   | Killed Amaemon
 15983 | Lair:2   | Reached XP level 13. HP: 80/118 MP: 12/12
 16980 | D:12     | Reached ****** piety under Okawaru
 16980 | D:12     | Identified the +1 pair of boots "Pasioshre" {rPois}
                  | (Okawaru gifted it to you on level 12 of the Dungeon)
 16980 | D:12     | Received a gift from Okawaru
 16996 | D:12     | Found a gate leading to a gauntlet.
 17001 | Gauntlet | Entered a Gauntlet
 17001 | Gauntlet | Found a transporter.
 17001 | Gauntlet | Found a transporter.
 17012 | Gauntlet | Found a transporter.
 17017 | Gauntlet | Noticed a quicksilver ooze
 17025 | Gauntlet | Found a transporter.
 17033 | Gauntlet | Found a transporter.
 17039 | Gauntlet | Found a transporter.
 17040 | Gauntlet | Found a transporter.
 17046 | Gauntlet | Found a transporter.
 17047 | Gauntlet | Found a transporter.
 17190 | Gauntlet | Found a transporter.
 17190 | Gauntlet | Found a transporter.
 17233 | Gauntlet | Found a transporter.
 17307 | Gauntlet | Identified the +2 pair of boots of Eternity {rC+ Int+2}
 17324 | Gauntlet | Killed a quicksilver ooze
 17588 | Gauntlet | Noticed a minotaur
 17596 | Gauntlet | Killed a minotaur
 17610 | Gauntlet | Got the Atlas of Misfortune
 17652 | D:12     | You fall into a shaft and drop 1 floor!
 17736 | D:13     | Reached skill level 17 in Long Blades
 17754 | D:13     | Reached skill level 1 in Invocations
 18252 | D:12     | Noticed Azrael
 18265 | D:12     | Killed from afar by Azrael

Illustrated notes

Levels and vault maps discovered:
D:1:      grunt_arrival_lava_bath, layout_basic, minmay_worlds_worst_comb
D:2:      layout_basic, basic_ecumenical_altar, basic_altar,
          minmay_misc_feat_five, uniq_jessica, uniq_terence
D:3:      layout_basic, serial_shops, nicolae_shop_dealshenge, shop,
          nicolae_diamond_shop
D:4:      layout_loops_ring, ebering_ghost_sewer_d, serial_shops, shop,
          uniq_edmund
D:5:      layout_basic, mainiacjoe_overflow_concentric_impassable,
          nicolae_qazlal_style_of_elements, minmay_between
D:6:      layout_basic
D:7:      kennysheep_spiral_hall, layout_basic,
          minmay_temple_entry_statues_pillars, uniq_menkaure
D:8:      layout_gridville
D:9:      old_forge, layout_long_grid, minitemple, minmay_orc_entry_guard_dogs,
          minmay_fire_ice_demons
D:10:     layout_basic, hellmonk_lair_entry_icy, enter_bailey_5, uniq_erolcha
D:11:     layout_cave_pools, pond
D:12:     layout_rooms, gauntlet_entry_generic, uniq_azrael
D:13:     layout_long_grid, david_vaults_4
Temple:   lightli_temple_of_artemis
Lair:1:   layout_big_grid
Lair:2:   layout_roguey, swamp_mist, worms_lemuel, uniq_amaemon
Lair:3:   wad_woods_stonehenge, layout_long_grid, guppyfry_snake_entry_garden,
          portal_ice_cave_entry_imps

Skill      XL: |  1  2  3  4  5  6  7  8  9 10 11 12 13 |
---------------+----------------------------------------+-----
Fighting       | 4 5 7 8 10 12 13 | 13.2
Shields        | 4 5 6 7 9 10 11 12 | 12.8
Armour         | 4 5 6 7 8 10 11 13 | 13.0
Long Blades    | 3 4 6 8 9 11 13 15 16 17 | 17.3
Dodging        | 1 2 3 |  3.0
Stealth        | 2 |  2.4
Short Blades   | 2 3 |  3.4
Invocations    | 1 |  1.3
Evocations     | |  0.8

Action                     |  1- 3 |  4- 6 |  7- 9 | 10-12 | 13-15 || total
---------------------------+-------+-------+-------+-------+-------++-------
  Melee: Long sword        |    56 |   170 |   300 |   117 |       ||   643
         Headbutt          |    11 |    24 |    63 |   112 |    48 ||   258
         Double sword      |       |       |       |   375 |   126 ||   501
         Rapier            |       |       |       |    33 |     9 ||    42
 Invoke: Heroism           |       |       |     1 |     6 |     5 ||    12
  Evoke: Wand              |       |       |       |     3 |       ||     3
    Use: Potion            |     4 |     1 |     2 |    14 |       ||    21
         Scroll            |       |     5 |     1 |    18 |     2 ||    26
   Stab: Paralysed         |       |       |       |     3 |       ||     3
 Armour: Scale mail        |    26 |       |       |       |       ||    26
         Plate armour      |       |   123 |   237 |   399 |   153 ||   912
  Dodge: Dodged            |    29 |    45 |   115 |   163 |    42 ||   394
  Block: Buckler           |    16 |    53 |    90 |   132 |       ||   291
         Kite shield       |       |       |       |   136 |    91 ||   227
